 Dungeon Crawl Stone Soup version 0.30-a0-389-g8d7d949f56 (webtiles) character file.

Game seed: 7473149793841520626

11 PyroL the Grave Robber (level 2, 19/19 HPs)
             Began as a Demonspawn Necromancer on Dec 3, 2022.
             Quit the game on level 1 of the Dungeon.
             The game lasted 00:00:50 (288 turns).

PyroL the Grave Robber (Demonspawn Necromancer)      Turns: 288, Time: 00:00:50

Health: 19/19      AC:  2    Str:  8    XL:     2   Next: 13%
Magic:  5/5        EV: 12    Int: 16    God:
Gold:   49         SH:  0    Dex: 13    Spells: 4/5 levels left

rFire   . . .      SeeInvis .    (no weapon)
rCold   . . .      Faith    .    (no shield)
rNeg    . . .      Spirit   .    a - +0 robe
rPois   .          Reflect  .    (helmet restricted)
rElec   .          Harm     .    (no cloak)
rCorr   .          Rampage  .    (no gloves)
Will    .....                    (no boots)
Stlth   ++........               (no amulet)
HPRegen 0.23/turn                (no ring)
MPRegen 0.09/turn                (no ring)

@: no status effects
A: horns 1
a: no special abilities


You were on level 1 of the Dungeon.
You visited 1 branch of the dungeon, and saw 1 of its levels.

You collected 49 gold pieces.

Inventory:

Armour
 a - a +0 robe (worn)
Potions
 b - a potion of magic


   Skills:
 - Level 1.7 Dodging
 - Level 1.7 Stealth
 + Level 2.3 Spellcasting
 + Level 4.7 Necromancy


You had 4 spell levels left.
You knew the following spells:

 Your Spells              Type           Power      Damage    Failure   Level
a - Necrotise             Necr           64%        1d7       3%          1

Your spell library contained the following spells:

 Spells                   Type           Power      Damage    Failure   Level
 Vampiric Draining        Necr           16%        2d7       9%          3
 Animate Dead             Necr           16%        N/A       28%         4
 Agony                    Necr           16%        N/A       63%         5


Dungeon Overview and Level Annotations

Branches:
Dungeon (1/15)

Altars:


Innate Abilities, Weirdness & Mutations

You have a pair of small horns on your head.


Message History

The goblin shouts! x2; You hear a shout!
The goblin writhes in agony.
The goblin writhes in agony.
You kill the goblin!
The dead are walking!
A goblin comes into view. It is wielding a +0 dagger.
You have reached level 2!
Your demonic ancestry asserts itself...
A pair of horns grows on your head!
The goblin writhes in agony.
You kill the goblin!
The dead are walking!
Your goblin skeleton barely misses the goblin.
You are out of magic!
You are out of magic!
You are out of magic!
Sorry, you're not good enough to have a special ability.
Your goblin skeleton hits the goblin.
The goblin hits you with a +0 dagger.
You see here a +0 dagger.
You miss the goblin.
The goblin is moderately wounded.
Your goblin skeleton closely misses the goblin.
Your goblin skeleton barely misses the goblin.
The goblin completely misses you.
You hit the goblin. You punch the goblin.
You kill the goblin!
No target in view!
No target in view!
Your rat skeleton crumbles into dust!
Your goblin skeleton crumbles into dust!
Your goblin skeleton crumbles into dust!
Things that are here:
a +0 dagger; a +0 dagger; a goblin corpse
Things that are here:
a +0 short sword; 4 stones You see here a giant cockroach corpse.
You now have 49 gold pieces (gained 19).
You open the large door.
Found a dagger.
Are you sure you want to abandon this character and quit the game? (Confirm with "yes".)

#......# ##.#.#.#...
#......# #...#.#...
.......#####.#.......
########.........#..
.........†.......+
##...(...####....#
....###### #....# ###
##### #....##.....
####...@''.....
#.......##.....
#.###+#.# ).# #.
#...# . ♣ ♣♣♣♣ .
##### ♣♣.... ..♣.♣
<..♣ ...♣


There were no monsters in sight!

Vanquished Creatures
  2 giant cockroaches (D:1)
  3 goblins (D:1)
  A kobold (D:1)
  4 rats (D:1)
10 creatures vanquished.

Notes
Turn   | Place    | Note
-------+----------+-------------------------------------------
     0 | D:1      | PyroL the Demonspawn Necromancer began the quest for the
                  | Orb.
     0 | D:1      | Reached XP level 1. HP: 13/13 MP: 3/3
    18 | D:1      | Found a faded altar of an unknown god.
   172 | D:1      | Gained mutation: You have a pair of small horns on your
                  | head. [demonic ancestry]
   172 | D:1      | Reached XP level 2. HP: 19/19 MP: 1/5
   288 | D:1      | Quit the game

Illustrated notes

Levels and vault maps discovered:
D:1:      roderic_dead_forest, layout_basic, ebering_ecumenical_altar_petrified,
          serial_shops, nicolae_shop_waterfront

Action                   || total
-------------------------++-------
Melee: Unarmed           ||    19
       Punch             ||     1
 Cast: Necrotise         ||    12
 Stab: Distracted        ||     1
Armor: Robe              ||     9
Dodge: Dodged            ||    12

Table legend: (Time is in decaauts)
 A = Elapsed time spent in this place.
 B = Non-inter-level travel time spent in this place.
 C = Inter-level travel time spent in this place.
 D = Time resting spent in this place.
 E = Time spent auto-exploring this place.
 F = Levels seen in this place.
 G = Mean time per level.
                   A        B        C        D        E       F      G
               +--------+--------+--------+--------+--------+-----+--------+
         Total |    288 |    288 |      0 |      0 |    235 |   1 |  288.0 |
       Dungeon |    288 |    288 |      0 |      0 |    235 |   1 |  288.0 |
               +--------+--------+--------+--------+--------+-----+--------+

Top non-repeatable levels by time:
     D:1: 288 daAuts
